Red Wings vs Avalanche

Created - 6 février 2024 at 20:23

Goals
1 2 3 T
Red Wings 1 1 3 5
Avalanche 1 0 1 2
Shots
1 2 3 T
Red Wings 13 8 17 38
Avalanche 19 14 14 47

GoalsPenalties
1st period
1. Avalanche , Gustav Forsling 7 (Jake Sanderson 6, Brayden Point 25) at 14:11 (PP)
2. Red Wings , Kailer Yamamoto 15 (Noel Acciari 12) at 17:05
Logan Stanley (DET) for Roughing (Minor) at 13:18
2nd period
3. Red Wings , John Tavares 17 (Logan Couture 23, Jeff Petry 14) at 11:12
Dylan DeMelo (DET) for Roughing (Minor) at 9:02
3rd period
4. Red Wings , Connor Brown 8 (Martin Frk 2, Jujhar Khaira 5) at 5:00
5. Red Wings , Logan Couture 19 (Jeff Petry 15, David Pastrnak 29) at 8:25
6. Red Wings , Connor Brown 9 (Jujhar Khaira 6, Oliver Bjorkstrand 18) at 11:13
7. Avalanche , Ivan Barbashev 16 (Matt Roy 10, Nino Niederreiter 20) at 17:56
Ivan Barbashev (COL) for Slashing (Minor) at 15:00
Goalie Stats
Marc-Andre Fleury (DET), 45 saves from 47 shots - (0,957), W, 15-11-1, 60:00 minutes
Vitek Vanecek (COL), 33 saves from 38 shots - (0,868), L, 17-11-3, 60:00 minutes
3 StarsOfficial
1 - Marc-Andre Fleury (DET)
2 - Connor Brown (DET)
3 - Jeff Petry (DET)
Referees : Tim Mayer and Jake Brenk
Linesman : Darren Gibbs and Justin Cornell
Game Note
No Game Note
Finance
Level 1 -- Attendance: 6000 (100,00%) -- Ticket Income $600,000
Level 2 -- Attendance: 4105 (82,10%) -- Ticket Income $287,350
Level 3 -- Attendance: 1434 (71,70%) -- Ticket Income $67,398
Level 4 -- Attendance: 2249 (56,23%) -- Ticket Income $78,715
Luxury Box -- Attendance: 1000 (100,00%) -- Ticket Income $160,000
Game was played at the Pepsi Center.
Total Attendance: 14788 (82,16%)
Total Ticket Income: $1,193,463
Other Income: $584,797
Total Income: $1,778,260



Team Name Goals Shots Shots Attemp Shots Blocked PIM HIT PP PK FO%
Red Wings 53876134230 / 1 (0%)147%
Avalanche 24784192171 / 2 (50%)053%

Red Wings
Player Name POS G A P +/- PIM HIT SHT SB MP PP MP PP SHT PK MP PK SHT FO% FOT GA TA
Connor BrownLW/RW202200307:520:4700:1400% 000
David PastrnakLW/RW0110031018:060:0000:0000% 120
Dylan DeMeloD0001212220:591:0600:2200% 001
Jeff PetryD0222044021:250:5301:1000% 002
John TavaresC/LW1011001017:280:0000:00039% 1810
Jujhar KhairaC/LW/RW022200006:480:0000:0000% 100
Justin HollRW/D0001023220:081:0600:0000% 001
Kailer YamamotoC/LW/RW1011017114:530:4701:2200% 020
Kyle OkposoLW/RW0001001117:280:0000:0000% 100
Lars EllerC/LW/RW0001003115:121:1201:16050% 200
Logan CoutureC/LW1120015120:571:1211:36057% 2801
Logan StanleyD0002230017:200:0400:3900% 010
Mark ScheifeleC/RW0000015019:181:1200:00033% 310
Martin FrkRW011200206:480:0000:0000% 000
Noel AcciariC/LW/RW0111010114:000:0001:16050% 1012
Oliver BjorkstrandLW/RW0111010018:150:4700:0000% 010
Radko GudasD0001051422:000:4901:4200% 001
Scott HarringtonD0001000018:090:0001:5100% 001
Avalanche
Player Name POS G A P +/- PIM HIT SHT SB MP PP MP PP SHT PK MP PK SHT FO% FOT GA TA
Adam HenriqueC/LW/RW000-2015018:481:0000:00053% 1900
Andrew CoppC/LW000-1002115:480:0001:00058% 1201
Brayden PointC/LW/RW011-2004019:561:5200:13050% 200
Gustav ForslingD101-3011322:502:1811:0000% 010
Gustav NyquistLW/RW0000036114:530:0000:1300% 111
Ilya MikheyevLW/RW0000003015:371:0000:0000% 110
Ivan BarbashevC/LW101-2226016:180:0000:0000% 010
Jake SandersonD0110023219:262:1820:5900% 012
Josh AndersonLW/RW000000009:031:5200:4600% 020
Juuso ParssinenC000000106:250:0000:000100% 200
Mathieu JosephC/LW/RW000000107:250:0001:0000% 000
Matt RoyD0110012016:060:0000:0000% 001
Nicolas RoyC/RW000-2001117:020:0000:46052% 2120
Nino NiederreiterLW/RW011-1005317:571:5200:00025% 400
Ryan McDonaghD000-1012720:280:0001:0000% 001
Samuel GirardD000-3011119:340:3400:5900% 000
Sean DurziD000-1031021:360:3400:0000% 003
Zach PariseLW/RW000-2023018:481:0000:000100% 200

Red Wings

5 vs 5 Forward
Line #Left WingCenterRight WingPHYDFOFWanted %Time %Time Play
1David PastrnakLogan CoutureMark Scheifele0323433%18:06
2Oliver BjorkstrandJohn TavaresKyle Okposo0233232%17:31
3Kailer YamamotoNoel AcciariLars Eller1222423%12:44
4Connor BrownJujhar KhairaMartin Frk1221012%6:48
5 vs 5 Defense
Line #DefenseDefensePHYDFOFWanted %Time %Time Play
1Jeff PetryJustin Holl0323635%19:13
2Dylan DeMeloRadko Gudas0323636%19:38
3Logan StanleyScott Harrington0412830%16:18
4Jeff PetryDylan DeMelo12200%0:00
Power Play Forward
Line #Left WingCenterRight WingPHYDFOFWanted %Time %Time Play
1Lars EllerLogan CoutureMark Scheifele0056061%1:12
2Oliver BjorkstrandConnor BrownKailer Yamamoto0054039%0:47
Power Play Defense
Line #DefenseDefensePHYDFOFWanted %Time %Time Play
1Justin HollDylan DeMelo0145055%1:06
2Radko GudasJeff Petry0145045%0:53
Penalty Kill 4 Players Forward
Line #CenterWingPHYDFOFWanted %Time %Time Play
1Noel AcciariLars Eller0505044%1:16
2Logan CoutureKailer Yamamoto0505056%1:36
Penalty Kill 4 Players Defense
Line #DefenseDefensePHYDFOFWanted %Time %Time Play
1Dylan DeMeloRadko Gudas1405078%2:14
2Jeff PetryScott Harrington1405022%0:38
Penalty Kill 3 Players
Line #WingPHYDFOFWanted %Time %Time PlayDefenseDefensePHYDFOFWanted %Time %Time Play
1Lars Eller050500%0:00 Dylan DeMeloRadko Gudas140500%0:00
2Logan Couture050500%0:00 Jeff PetryJustin Holl140500%0:00
4 vs 4 Forward
Line #CenterWingPHYDFOFWanted %Time %Time Play
1Kailer YamamotoLars Eller014500%0:00
2Logan CoutureMark Scheifele023500%0:00
4 vs 4 Defense
Line #DefensePHYDFOFWanted %Time %Time Play
1Jeff PetryScott Harrington032500%0:00
2Radko GudasDylan DeMelo032500%0:00
Last Minutes Offensive
Left WingCenterRight WingDefenseDefense
David PastrnakJohn TavaresMark ScheifeleJeff PetryDylan DeMelo
Last Minutes Defensive
Left WingCenterRight WingDefenseDefense
Lars EllerLogan CoutureConnor BrownJeff PetryDylan DeMelo
Time
Total ForwardTotal DefenseLast Minutes OffensiveLast Minutes Defensive
60:00 60:00 0:000:00
Extra Forwards
Normal PowerPlayPenalty Kill
Kailer Yamamoto, Oliver Bjorkstrand, Logan CoutureLars Eller, Kailer YamamotoConnor Brown
Extra Defensemen
Normal PowerPlayPenalty Kill
Dylan DeMelo, Jeff Petry, Radko GudasDylan DeMelo, Scott HarringtonRadko Gudas
Penalty Shots
Mark Scheifele, Justin Holl, Logan Couture, Lars Eller, Kailer Yamamoto
Goalie
Marc-Andre Fleury, Carter Hart
Custom OT Lines Forwards
Justin Holl, Jujhar Khaira, Logan Couture, Mark Scheifele, Lars Eller, Oliver Bjorkstrand, Kyle Okposo, Noel Acciari, Kailer Yamamoto, Connor Brown
Custom OT Lines Defensemen
Jeff Petry, Justin Holl, Radko Gudas, Scott Harrington, Dylan DeMelo
Scratches
Zach Aston-Reese (Healthy), Michael Carcone (Healthy), Kevin Korchinski (Healthy)

Avalanche

5 vs 5 Forward
Line #Left WingCenterRight WingPHYDFOFWanted %Time %Time Play
1Brayden PointAdam HenriqueZach Parise0323432%17:51
2Ivan BarbashevNicolas RoyNino Niederreiter0233229%16:16
3Gustav NyquistAndrew CoppIlya Mikheyev0232927%14:37
4Mathieu JosephJuuso ParssinenJosh Anderson032512%6:25
5 vs 5 Defense
Line #DefenseDefensePHYDFOFWanted %Time %Time Play
1Ryan McDonaghSean Durzi0323435%19:28
2Samuel GirardGustav Forsling0323233%18:01
3Jake SandersonMatt Roy0322929%16:06
4Sean DurziGustav Forsling03253%1:34
Power Play Forward
Line #Left WingCenterRight WingPHYDFOFWanted %Time %Time Play
1Josh AndersonBrayden PointNino Niederreiter0145265%1:52
2Zach PariseAdam HenriqueIlya Mikheyev0144835%1:00
Power Play Defense
Line #DefenseDefensePHYDFOFWanted %Time %Time Play
1Gustav ForslingJake Sanderson0235280%2:18
2Sean DurziSamuel Girard0234820%0:34
Penalty Kill 4 Players Forward
Line #CenterWingPHYDFOFWanted %Time %Time Play
1Andrew CoppMathieu Joseph0415561%1:13
2Nicolas RoyJosh Anderson0414539%0:46
Penalty Kill 4 Players Defense
Line #DefenseDefensePHYDFOFWanted %Time %Time Play
1Ryan McDonaghGustav Forsling0415550%1:00
2Jake SandersonSamuel Girard0414550%0:59
Penalty Kill 3 Players
Line #WingPHYDFOFWanted %Time %Time PlayDefenseDefensePHYDFOFWanted %Time %Time Play
1Mathieu Joseph050550%0:00 Ryan McDonaghGustav Forsling050550%0:00
2Nicolas Roy050450%0:00 Jake SandersonSamuel Girard050450%0:00
4 vs 4 Forward
Line #CenterWingPHYDFOFWanted %Time %Time Play
1Brayden PointZach Parise023600%0:00
2Adam HenriqueNino Niederreiter023400%0:00
4 vs 4 Defense
Line #DefensePHYDFOFWanted %Time %Time Play
1Ryan McDonaghGustav Forsling032600%0:00
2Jake SandersonSamuel Girard131400%0:00
Last Minutes Offensive
Left WingCenterRight WingDefenseDefense
Brayden PointAdam HenriqueNino NiederreiterRyan McDonaghGustav Forsling
Last Minutes Defensive
Left WingCenterRight WingDefenseDefense
Mathieu JosephAndrew CoppZach PariseRyan McDonaghGustav Forsling
Time
Total ForwardTotal DefenseLast Minutes OffensiveLast Minutes Defensive
60:00 60:00 0:000:00
Extra Forwards
Normal PowerPlayPenalty Kill
Nicolas Roy, Andrew Copp, Ivan BarbashevNicolas Roy, Andrew CoppNicolas Roy
Extra Defensemen
Normal PowerPlayPenalty Kill
Samuel Girard, Sean Durzi, Matt RoySamuel Girard, Samuel GirardSean Durzi
Penalty Shots
Gustav Nyquist, Matt Roy, Mathieu Joseph, Zach Parise, Brayden Point
Goalie
Vitek Vanecek, Thatcher Demko
Custom OT Lines Forwards
Brayden Point, Zach Parise, Josh Anderson, Nino Niederreiter, Nicolas Roy, Andrew Copp, Ivan Barbashev, Gustav Nyquist, Ilya Mikheyev, Mathieu Joseph
Custom OT Lines Defensemen
Ryan McDonagh, Gustav Forsling, Jake Sanderson, Samuel Girard, Sean Durzi
Scratches
Mason Appleton (Healthy), Erik Gustafsson (Healthy)


Play-by-Play

1st period


0:01 of 1st period - Adam Henrique wins face-off versus Mark Scheifele in neutral zone.
0:06 of 1st period - Wrist shot by Adam Henrique.
0:06 of 1st period - Stopped by Marc-Andre Fleury with a rebound.
0:26 of 1st period - Zach Parise is hit by Jeff Petry and loses puck.
0:33 of 1st period - Wrist shot by Lars Eller.
0:33 of 1st period - Stopped by Vitek Vanecek with a rebound.
1:07 of 1st period - Snap shot by Brayden Point.
1:07 of 1st period - Stopped by Marc-Andre Fleury with a rebound.
1:09 of 1st period - Wrist shot by Adam Henrique.
1:09 of 1st period - Shot Misses the Net.
1:11 of 1st period - Snap shot by Sean Durzi.
1:11 of 1st period - Shot Blocked by Kailer Yamamoto.
1:13 of 1st period - Slapshot by Ryan McDonagh.
1:13 of 1st period - Stopped by Marc-Andre Fleury without a rebound.
1:14 of 1st period - Nicolas Roy wins face-off versus John Tavares in Red Wings zone.
1:39 of 1st period - Andrew Copp is hit by Logan Stanley and loses puck.
2:38 of 1st period - Samuel Girard is hit by Radko Gudas and loses puck.
3:01 of 1st period - Wrist shot by John Tavares.
3:01 of 1st period - Deflect By Kyle Okposo.
3:01 of 1st period - Deflect By Gustav Forsling.
3:01 of 1st period - Shot Misses the Net.
3:01 of 1st period - Puck is out of play.
3:02 of 1st period - Nicolas Roy wins face-off versus Logan Couture in Avalanche zone.
4:36 of 1st period - Icing by Matt Roy.
4:37 of 1st period - Juuso Parssinen wins face-off versus John Tavares in Avalanche zone.
4:37 of 1st period - Juuso Parssinen is hit by Oliver Bjorkstrand.
5:17 of 1st period - Wrist shot by Juuso Parssinen.
5:17 of 1st period - Stopped by Marc-Andre Fleury without a rebound.
5:18 of 1st period - Nicolas Roy wins face-off versus Logan Couture in Red Wings zone.
5:33 of 1st period - Snap shot by Mark Scheifele.
5:33 of 1st period - Shot Blocked by Ryan McDonagh.
5:35 of 1st period - Slapshot by Justin Holl.
5:35 of 1st period - Deflect By Sean Durzi.
5:35 of 1st period - Stopped by Vitek Vanecek without a rebound.
5:36 of 1st period - Andrew Copp wins face-off versus John Tavares in Avalanche zone.
6:34 of 1st period - Justin Holl is hit by Adam Henrique and loses puck.
7:13 of 1st period - Wrist shot by John Tavares.
7:13 of 1st period - Shot Blocked by Ryan McDonagh.
7:15 of 1st period - Snap shot by John Tavares.
7:15 of 1st period - Shot Misses the Net.
7:48 of 1st period - Snap shot by Kailer Yamamoto.
7:48 of 1st period - Shot Blocked by Nino Niederreiter.
7:50 of 1st period - Snap shot by Radko Gudas.
7:50 of 1st period - Deflect By Lars Eller.
7:50 of 1st period - Shot Misses the Net.
7:50 of 1st period - Puck is out of play.
7:51 of 1st period - Adam Henrique wins face-off versus Noel Acciari in Avalanche zone.
8:20 of 1st period - Wrist shot by David Pastrnak.
8:20 of 1st period - Shot Blocked by Jake Sanderson.
8:28 of 1st period - Snap shot by David Pastrnak.
8:28 of 1st period - Shot Misses the Net.
8:30 of 1st period - Backhand shot by David Pastrnak.
8:30 of 1st period - Shot Misses the Net.
8:44 of 1st period - Slapshot by Connor Brown.
8:44 of 1st period - Shot Blocked by Jake Sanderson.
8:58 of 1st period - Slapshot by Gustav Nyquist.
8:58 of 1st period - Stopped by Marc-Andre Fleury with a rebound.
9:00 of 1st period - Slapshot by Gustav Nyquist.
9:00 of 1st period - Stopped by Marc-Andre Fleury with a rebound.
9:02 of 1st period - Slapshot by Matt Roy.
9:02 of 1st period - Deflect By Radko Gudas.
9:02 of 1st period - Stopped by Marc-Andre Fleury with a rebound.
9:04 of 1st period - Wrist shot by Ilya Mikheyev.
9:04 of 1st period - Shot Misses the Net.
9:24 of 1st period - Snap shot by Andrew Copp.
9:24 of 1st period - Stopped by Marc-Andre Fleury with a rebound.
9:37 of 1st period - Snap shot by Gustav Nyquist.
9:37 of 1st period - Stopped by Marc-Andre Fleury without a rebound.
9:38 of 1st period - Adam Henrique wins face-off versus John Tavares in Red Wings zone.
9:45 of 1st period - Adam Henrique is hit by Jeff Petry.
9:53 of 1st period - Snap shot by Brayden Point.
9:53 of 1st period - Shot Misses the Net.
9:55 of 1st period - Wrist shot by Zach Parise.
9:55 of 1st period - Stopped by Marc-Andre Fleury without a rebound.
9:56 of 1st period - Logan Couture wins face-off versus Nicolas Roy in Red Wings zone.
9:56 of 1st period - Logan Couture is hit by Ivan Barbashev.
10:02 of 1st period - Wrist shot by David Pastrnak.
10:02 of 1st period - Shot Blocked by Ryan McDonagh.
10:04 of 1st period - Snap shot by David Pastrnak.
10:04 of 1st period - Shot Misses the Net.
10:12 of 1st period - Wrist shot by Mark Scheifele.
10:12 of 1st period - Shot Blocked by Ryan McDonagh.
10:22 of 1st period - Jeff Petry is hit by Ryan McDonagh and loses puck.
10:27 of 1st period - Slapshot by Brayden Point.
10:27 of 1st period - Shot Misses the Net.
10:29 of 1st period - Slapshot by Samuel Girard.
10:29 of 1st period - Shot Misses the Net.
10:31 of 1st period - Slapshot by Adam Henrique.
10:31 of 1st period - Shot Blocked by Justin Holl.
10:33 of 1st period - Snap shot by Zach Parise.
10:33 of 1st period - Shot Misses the Net.
11:07 of 1st period - Wrist shot by Adam Henrique.
11:07 of 1st period - Stopped by Marc-Andre Fleury without a rebound.
11:08 of 1st period - Logan Couture wins face-off versus Adam Henrique in Red Wings zone.
11:08 of 1st period - Logan Couture is hit by Zach Parise.
11:15 of 1st period - Icing by Logan Couture.
11:16 of 1st period - Mark Scheifele wins face-off versus Nino Niederreiter in Red Wings zone.
11:25 of 1st period - Slapshot by Ivan Barbashev.
11:25 of 1st period - Deflect By Nino Niederreiter.
11:25 of 1st period - Stopped by Marc-Andre Fleury without a rebound.
11:26 of 1st period - John Tavares wins face-off versus Nicolas Roy in Red Wings zone.
11:55 of 1st period - Wrist shot by Nicolas Roy.
11:55 of 1st period - Stopped by Marc-Andre Fleury with a rebound.
11:57 of 1st period - Snap shot by Ivan Barbashev.
11:57 of 1st period - Shot Blocked by Radko Gudas.
12:19 of 1st period - Wrist shot by Nicolas Roy.
12:19 of 1st period - Deflect By Ivan Barbashev.
12:19 of 1st period - Shot Misses the Net.
12:19 of 1st period - Puck is out of play.
12:20 of 1st period - Logan Couture wins face-off versus Adam Henrique in Red Wings zone.
12:57 of 1st period - Wrist shot by Kailer Yamamoto.
12:57 of 1st period - Stopped by Vitek Vanecek without a rebound.
12:58 of 1st period - Zach Parise wins face-off versus Logan Couture in Avalanche zone.
13:07 of 1st period - Wrist shot by Zach Parise.
13:07 of 1st period - Stopped by Marc-Andre Fleury without a rebound.
13:08 of 1st period - Zach Parise wins face-off versus Logan Couture in Red Wings zone.
13:18 of 1st period - Minor Penalty to Logan Stanley for Roughing.
13:19 of 1st period - Noel Acciari wins face-off versus Brayden Point in Red Wings zone.
14:05 of 1st period - Wrist shot by Brayden Point.
14:05 of 1st period - Shot Misses the Net.
14:07 of 1st period - Wrist shot by Jake Sanderson.
14:07 of 1st period - Stopped by Marc-Andre Fleury with a rebound.
14:09 of 1st period - Snap shot by Jake Sanderson.
14:09 of 1st period - Stopped by Marc-Andre Fleury with a rebound.
14:11 of 1st period - Slapshot by Gustav Forsling.
14:11 of 1st period - Goal by Gustav Forsling - Red Wings : 0 - Avalanche : 1.
14:12 of 1st period - Logan Couture wins face-off versus Andrew Copp in neutral zone.
14:57 of 1st period - Snap shot by Kailer Yamamoto.
14:57 of 1st period - Stopped by Vitek Vanecek with a rebound.
14:59 of 1st period - Snap shot by Kailer Yamamoto.
14:59 of 1st period - Shot Blocked by Ryan McDonagh.
15:05 of 1st period - Snap shot by Noel Acciari.
15:05 of 1st period - Shot Blocked by Nicolas Roy.
15:07 of 1st period - Slapshot by Jeff Petry.
15:07 of 1st period - Deflect By Lars Eller.
15:07 of 1st period - Stopped by Vitek Vanecek without a rebound.
15:08 of 1st period - Andrew Copp wins face-off versus David Pastrnak in Avalanche zone.
15:08 of 1st period - Andrew Copp is hit by Logan Couture.
15:14 of 1st period - Snap shot by Ilya Mikheyev.
15:14 of 1st period - Stopped by Marc-Andre Fleury without a rebound.
15:15 of 1st period - Andrew Copp wins face-off versus Logan Couture in Red Wings zone.
15:32 of 1st period - Snap shot by Logan Couture.
15:32 of 1st period - Stopped by Vitek Vanecek with a rebound.
15:34 of 1st period - Snap shot by Logan Couture.
15:34 of 1st period - Stopped by Vitek Vanecek with a rebound.
15:36 of 1st period - Snap shot by Logan Couture.
15:36 of 1st period - Stopped by Vitek Vanecek without a rebound.
15:37 of 1st period - John Tavares wins face-off versus Adam Henrique in Avalanche zone.
15:47 of 1st period - Off-side.
15:48 of 1st period - Noel Acciari wins face-off versus Nicolas Roy in neutral zone.
15:55 of 1st period - Wrist shot by Lars Eller.
15:55 of 1st period - Shot Blocked by Nino Niederreiter.
16:13 of 1st period - Logan Stanley is hit by Samuel Girard and loses puck.
16:48 of 1st period - Off-side.
16:49 of 1st period - Nicolas Roy wins face-off versus Noel Acciari in neutral zone.
16:54 of 1st period - Kailer Yamamoto is hit by Ivan Barbashev and loses puck.
17:05 of 1st period - Wrist shot by Kailer Yamamoto.
17:05 of 1st period - Goal by Kailer Yamamoto - Red Wings : 1 - Avalanche : 1.
17:06 of 1st period - Adam Henrique wins face-off versus John Tavares in neutral zone.
17:25 of 1st period - Brayden Point is hit by Justin Holl and loses puck.
17:58 of 1st period - Slapshot by Lars Eller.
17:58 of 1st period - Shot Misses the Net.
18:00 of 1st period - Wrist shot by Justin Holl.
18:00 of 1st period - Shot Misses the Net.
18:02 of 1st period - Wrist shot by Kailer Yamamoto.
18:02 of 1st period - Stopped by Vitek Vanecek without a rebound.
18:03 of 1st period - John Tavares wins face-off versus Adam Henrique in Avalanche zone.
18:10 of 1st period - Off-side.
18:11 of 1st period - John Tavares wins face-off versus Adam Henrique in neutral zone.
18:24 of 1st period - Slapshot by Brayden Point.
18:24 of 1st period - Shot Blocked by Kyle Okposo.
18:26 of 1st period - Snap shot by Brayden Point.
18:26 of 1st period - Shot Blocked by Dylan DeMelo.
18:34 of 1st period - Slapshot by Dylan DeMelo.
18:34 of 1st period - Shot Misses the Net.
18:56 of 1st period - Wrist shot by Brayden Point.
18:56 of 1st period - Stopped by Marc-Andre Fleury without a rebound.
18:57 of 1st period - Logan Couture wins face-off versus Nicolas Roy in Red Wings zone.
19:06 of 1st period - Wrist shot by Mark Scheifele.
19:06 of 1st period - Stopped by Vitek Vanecek without a rebound.
19:07 of 1st period - Logan Couture wins face-off versus Nicolas Roy in Avalanche zone.
19:10 of 1st period - Snap shot by Mark Scheifele.
19:10 of 1st period - Stopped by Vitek Vanecek with a rebound.
19:12 of 1st period - Slapshot by Jeff Petry.
19:12 of 1st period - Stopped by Vitek Vanecek with a rebound.
19:14 of 1st period - Snap shot by Jeff Petry.
19:14 of 1st period - Deflect By Mark Scheifele.
19:14 of 1st period - Shot Blocked by Gustav Forsling.
19:14 of 1st period - Puck is out of play.
19:15 of 1st period - Logan Couture wins face-off versus Nicolas Roy in Avalanche zone.
19:24 of 1st period - Snap shot by David Pastrnak.
19:24 of 1st period - Shot Misses the Net.
19:58 of 1st period - Wrist shot by Adam Henrique.
19:58 of 1st period - Shot Blocked by Radko Gudas.
Goals for this period are 1 for Red Wings vs 1 for Avalanche.
Shots for this period are 13 for Red Wings vs 19 for Avalanche.

2nd period


0:01 of 2nd period - Noel Acciari wins face-off versus Andrew Copp in neutral zone.
0:32 of 2nd period - Off-side.
0:33 of 2nd period - Logan Couture wins face-off versus Nicolas Roy in neutral zone.
1:08 of 2nd period - Wrist shot by Kailer Yamamoto.
1:08 of 2nd period - Stopped by Vitek Vanecek with a rebound.
1:10 of 2nd period - Slapshot by Justin Holl.
1:10 of 2nd period - Stopped by Vitek Vanecek without a rebound.
1:11 of 2nd period - Adam Henrique wins face-off versus John Tavares in Avalanche zone.
1:18 of 2nd period - Wrist shot by Brayden Point.
1:18 of 2nd period - Shot Misses the Net.
1:36 of 2nd period - Brayden Point is hit by David Pastrnak and loses puck.
1:53 of 2nd period - Snap shot by Adam Henrique.
1:53 of 2nd period - Shot Blocked by Dylan DeMelo.
1:55 of 2nd period - Snap shot by Zach Parise.
1:55 of 2nd period - Deflect By Brayden Point.
1:55 of 2nd period - Shot Misses the Net.
1:55 of 2nd period - Puck is out of play.
1:56 of 2nd period - Andrew Copp wins face-off versus Noel Acciari in Red Wings zone.
1:57 of 2nd period - Snap shot by Gustav Nyquist.
1:57 of 2nd period - Shot Blocked by Lars Eller.
1:59 of 2nd period - Slapshot by Matt Roy.
1:59 of 2nd period - Stopped by Marc-Andre Fleury with a rebound.
2:01 of 2nd period - Snap shot by Gustav Nyquist.
2:01 of 2nd period - Shot Misses the Net.
2:03 of 2nd period - Snap shot by Gustav Nyquist.
2:03 of 2nd period - Stopped by Marc-Andre Fleury without a rebound.
2:04 of 2nd period - Noel Acciari wins face-off versus Ilya Mikheyev in Red Wings zone.
2:21 of 2nd period - Snap shot by Ilya Mikheyev.
2:21 of 2nd period - Stopped by Marc-Andre Fleury with a rebound.
2:23 of 2nd period - Slapshot by Matt Roy.
2:23 of 2nd period - Shot Misses the Net.
2:33 of 2nd period - Wrist shot by Gustav Nyquist.
2:33 of 2nd period - Shot Misses the Net.
2:35 of 2nd period - Wrist shot by Ilya Mikheyev.
2:35 of 2nd period - Stopped by Marc-Andre Fleury without a rebound.
2:36 of 2nd period - Nicolas Roy wins face-off versus John Tavares in Red Wings zone.
4:04 of 2nd period - Wrist shot by Oliver Bjorkstrand.
4:04 of 2nd period - Shot Misses the Net.
4:24 of 2nd period - Logan Stanley is hit by Sean Durzi and loses puck.
4:47 of 2nd period - Slapshot by Gustav Nyquist.
4:47 of 2nd period - Shot Misses the Net.
5:11 of 2nd period - Wrist shot by Mark Scheifele.
5:11 of 2nd period - Shot Misses the Net.
5:13 of 2nd period - Slapshot by Scott Harrington.
5:13 of 2nd period - Deflect By Mark Scheifele.
5:13 of 2nd period - Shot Blocked by Ryan McDonagh.
5:13 of 2nd period - Puck is out of play.
5:14 of 2nd period - Nicolas Roy wins face-off versus Lars Eller in Avalanche zone.
5:27 of 2nd period - Snap shot by Nicolas Roy.
5:27 of 2nd period - Shot Misses the Net.
5:29 of 2nd period - Snap shot by Nino Niederreiter.
5:29 of 2nd period - Shot Blocked by Noel Acciari.
6:44 of 2nd period - Slapshot by Ivan Barbashev.
6:44 of 2nd period - Stopped by Marc-Andre Fleury with a rebound.
6:48 of 2nd period - Snap shot by Nicolas Roy.
6:48 of 2nd period - Deflect By Ivan Barbashev.
6:48 of 2nd period - Stopped by Marc-Andre Fleury without a rebound.
6:49 of 2nd period - Nicolas Roy wins face-off versus Logan Couture in Red Wings zone.
6:52 of 2nd period - Wrist shot by Ivan Barbashev.
6:52 of 2nd period - Shot Hit the Post.
6:56 of 2nd period - Slapshot by Nicolas Roy.
6:56 of 2nd period - Shot Blocked by Logan Couture.
6:58 of 2nd period - Slapshot by Sean Durzi.
6:58 of 2nd period - Shot Blocked by Radko Gudas.
7:00 of 2nd period - Wrist shot by Sean Durzi.
7:00 of 2nd period - Deflect By Nino Niederreiter.
7:00 of 2nd period - Stopped by Marc-Andre Fleury without a rebound.
7:01 of 2nd period - Logan Couture wins face-off versus Nicolas Roy in Red Wings zone.
7:41 of 2nd period - Dylan DeMelo is hit by Sean Durzi.
7:53 of 2nd period - Slapshot by Sean Durzi.
7:53 of 2nd period - Shot Misses the Net.
7:57 of 2nd period - Snap shot by Ilya Mikheyev.
7:57 of 2nd period - Deflect By Gustav Nyquist.
7:57 of 2nd period - Stopped by Marc-Andre Fleury with a rebound.
7:59 of 2nd period - Snap shot by Andrew Copp.
7:59 of 2nd period - Stopped by Marc-Andre Fleury without a rebound.
8:00 of 2nd period - Logan Couture wins face-off versus Nino Niederreiter in Red Wings zone.
8:40 of 2nd period - Justin Holl is hit by Gustav Forsling and loses puck.
8:59 of 2nd period - Wrist shot by Andrew Copp.
8:59 of 2nd period - Deflect By Gustav Nyquist.
8:59 of 2nd period - Shot Hit the Post.
8:59 of 2nd period - Puck is out of play.
9:00 of 2nd period - Logan Couture wins face-off versus Andrew Copp in Red Wings zone.
9:02 of 2nd period - Minor Penalty to Dylan DeMelo for Roughing.
9:03 of 2nd period - Brayden Point wins face-off versus Noel Acciari in Red Wings zone.
10:57 of 2nd period - Logan Stanley is hit by Jake Sanderson and loses puck.
11:02 of 2nd period - Penalty to Dylan DeMelo is over, Dylan DeMelo is back on ice.
11:12 of 2nd period - Snap shot by John Tavares.
11:12 of 2nd period - Goal by John Tavares - Red Wings : 2 - Avalanche : 1.
11:13 of 2nd period - John Tavares wins face-off versus Nino Niederreiter in neutral zone.
11:24 of 2nd period - Wrist shot by Ivan Barbashev.
11:24 of 2nd period - Stopped by Marc-Andre Fleury with a rebound.
11:38 of 2nd period - Jeff Petry is hit by Gustav Nyquist and loses puck.
12:31 of 2nd period - Snap shot by Martin Frk.
12:31 of 2nd period - Shot Blocked by Samuel Girard.
12:47 of 2nd period - Snap shot by Ivan Barbashev.
12:47 of 2nd period - Shot Misses the Net.
12:49 of 2nd period - Slapshot by Samuel Girard.
12:49 of 2nd period - Stopped by Marc-Andre Fleury with a rebound.
12:51 of 2nd period - Snap shot by Nino Niederreiter.
12:51 of 2nd period - Stopped by Marc-Andre Fleury with a rebound.
12:53 of 2nd period - Snap shot by Nino Niederreiter.
12:53 of 2nd period - Stopped by Marc-Andre Fleury with a rebound.
13:07 of 2nd period - Wrist shot by Lars Eller.
13:07 of 2nd period - Shot Misses the Net.
13:09 of 2nd period - Slapshot by Kailer Yamamoto.
13:09 of 2nd period - Deflect By Lars Eller.
13:09 of 2nd period - Shot Misses the Net.
13:09 of 2nd period - Puck is out of play.
13:10 of 2nd period - Adam Henrique wins face-off versus Mark Scheifele in Avalanche zone.
13:27 of 2nd period - Jake Sanderson is hit by David Pastrnak and loses puck.
14:02 of 2nd period - Snap shot by Connor Brown.
14:02 of 2nd period - Stopped by Vitek Vanecek with a rebound.
14:04 of 2nd period - Slapshot by Jeff Petry.
14:04 of 2nd period - Stopped by Vitek Vanecek with a rebound.
15:26 of 2nd period - Icing by Gustav Nyquist.
15:27 of 2nd period - Andrew Copp wins face-off versus Jujhar Khaira in Avalanche zone.
15:40 of 2nd period - Slapshot by Radko Gudas.
15:40 of 2nd period - Shot Blocked by Ryan McDonagh.
15:42 of 2nd period - Slapshot by Radko Gudas.
15:42 of 2nd period - Stopped by Vitek Vanecek without a rebound.
15:43 of 2nd period - Adam Henrique wins face-off versus Logan Couture in Avalanche zone.
16:10 of 2nd period - Gustav Forsling is hit by Radko Gudas and loses puck.
16:35 of 2nd period - Wrist shot by Lars Eller.
16:35 of 2nd period - Stopped by Vitek Vanecek without a rebound.
16:36 of 2nd period - Logan Couture wins face-off versus Adam Henrique in Avalanche zone.
17:03 of 2nd period - Kyle Okposo is hit by Sean Durzi.
17:11 of 2nd period - Snap shot by Kyle Okposo.
17:11 of 2nd period - Stopped by Vitek Vanecek with a rebound.
17:31 of 2nd period - Lars Eller is hit by Gustav Nyquist and loses puck.
18:55 of 2nd period - Wrist shot by Ivan Barbashev.
18:55 of 2nd period - Shot Blocked by Radko Gudas.
19:13 of 2nd period - Off-side.
19:14 of 2nd period - Juuso Parssinen wins face-off versus John Tavares in neutral zone.
19:23 of 2nd period - Wrist shot by Mathieu Joseph.
19:23 of 2nd period - Stopped by Marc-Andre Fleury without a rebound.
19:24 of 2nd period - John Tavares wins face-off versus Adam Henrique in Red Wings zone.
19:29 of 2nd period - Brayden Point is hit by Logan Stanley and loses puck.
19:44 of 2nd period - Snap shot by Oliver Bjorkstrand.
19:44 of 2nd period - Shot Blocked by Gustav Forsling.
Goals for this period are 1 for Red Wings vs 0 for Avalanche.
Shots for this period are 8 for Red Wings vs 14 for Avalanche.

3rd period


0:01 of 3rd period - Lars Eller wins face-off versus Nicolas Roy in neutral zone.
0:06 of 3rd period - Ivan Barbashev is hit by Jeff Petry and loses puck.
0:17 of 3rd period - Nino Niederreiter is hit by Kailer Yamamoto and loses puck.
1:14 of 3rd period - Snap shot by John Tavares.
1:14 of 3rd period - Shot Blocked by Gustav Nyquist.
1:16 of 3rd period - Slapshot by Justin Holl.
1:16 of 3rd period - Stopped by Vitek Vanecek without a rebound.
1:17 of 3rd period - Andrew Copp wins face-off versus John Tavares in Avalanche zone.
1:46 of 3rd period - Slapshot by John Tavares.
1:46 of 3rd period - Shot Blocked by Andrew Copp.
1:48 of 3rd period - Wrist shot by Jeff Petry.
1:48 of 3rd period - Stopped by Vitek Vanecek without a rebound.
1:49 of 3rd period - Logan Couture wins face-off versus Nicolas Roy in Avalanche zone.
1:52 of 3rd period - Snap shot by Mark Scheifele.
1:52 of 3rd period - Shot Misses the Net.
2:02 of 3rd period - Nicolas Roy is hit by Logan Stanley and loses puck.
2:22 of 3rd period - Snap shot by Brayden Point.
2:22 of 3rd period - Deflect By Adam Henrique.
2:22 of 3rd period - Stopped by Marc-Andre Fleury with a rebound.
2:55 of 3rd period - Snap shot by Gustav Nyquist.
2:55 of 3rd period - Stopped by Marc-Andre Fleury with a rebound.
3:01 of 3rd period - Dylan DeMelo is hit by Jake Sanderson and loses puck.
3:08 of 3rd period - Matt Roy is hit by Jeff Petry.
4:07 of 3rd period - Slapshot by Martin Frk.
4:07 of 3rd period - Stopped by Vitek Vanecek without a rebound.
4:08 of 3rd period - Nicolas Roy wins face-off versus Logan Couture in Avalanche zone.
4:17 of 3rd period - Wrist shot by Mark Scheifele.
4:17 of 3rd period - Stopped by Vitek Vanecek with a rebound.
4:19 of 3rd period - Snap shot by Logan Couture.
4:19 of 3rd period - Shot Misses the Net.
4:21 of 3rd period - Slapshot by Logan Stanley.
4:21 of 3rd period - Shot Misses the Net.
4:23 of 3rd period - Snap shot by David Pastrnak.
4:23 of 3rd period - Shot Misses the Net.
4:25 of 3rd period - Slapshot by Mark Scheifele.
4:25 of 3rd period - Shot Misses the Net.
4:42 of 3rd period - Slapshot by Dylan DeMelo.
4:42 of 3rd period - Deflect By Brayden Point.
4:42 of 3rd period - Stopped by Vitek Vanecek with a rebound.
4:44 of 3rd period - Slapshot by Kailer Yamamoto.
4:44 of 3rd period - Shot Blocked by Gustav Forsling.
4:58 of 3rd period - Wrist shot by Martin Frk.
4:58 of 3rd period - Stopped by Vitek Vanecek with a rebound.
5:00 of 3rd period - Wrist shot by Connor Brown.
5:00 of 3rd period - Goal by Connor Brown - Red Wings : 3 - Avalanche : 1.
5:01 of 3rd period - Nicolas Roy wins face-off versus Logan Couture in neutral zone.
5:53 of 3rd period - Wrist shot by Zach Parise.
5:53 of 3rd period - Stopped by Marc-Andre Fleury without a rebound.
5:54 of 3rd period - Nicolas Roy wins face-off versus Logan Couture in Red Wings zone.
5:57 of 3rd period - Wrist shot by Ivan Barbashev.
5:57 of 3rd period - Stopped by Marc-Andre Fleury with a rebound.
6:09 of 3rd period - Wrist shot by Mark Scheifele.
6:09 of 3rd period - Stopped by Vitek Vanecek with a rebound.
6:11 of 3rd period - Snap shot by Mark Scheifele.
6:11 of 3rd period - Shot Blocked by Nino Niederreiter.
6:22 of 3rd period - Icing by Scott Harrington.
6:23 of 3rd period - Andrew Copp wins face-off versus Kyle Okposo in Red Wings zone.
6:34 of 3rd period - Oliver Bjorkstrand is hit by Gustav Nyquist and loses puck.
7:31 of 3rd period - Sean Durzi is hit by Radko Gudas and loses puck.
8:21 of 3rd period - Wrist shot by David Pastrnak.
8:21 of 3rd period - Stopped by Vitek Vanecek with a rebound.
8:23 of 3rd period - Slapshot by Jeff Petry.
8:23 of 3rd period - Stopped by Vitek Vanecek with a rebound.
8:25 of 3rd period - Snap shot by Logan Couture.
8:25 of 3rd period - Goal by Logan Couture - Red Wings : 4 - Avalanche : 1.
8:26 of 3rd period - Noel Acciari wins face-off versus Adam Henrique in neutral zone.
8:29 of 3rd period - Gustav Forsling is hit by Radko Gudas and loses puck.
8:38 of 3rd period - Snap shot by Kailer Yamamoto.
8:38 of 3rd period - Stopped by Vitek Vanecek with a rebound.
9:09 of 3rd period - Jake Sanderson is hit by Dylan DeMelo and loses puck.
10:10 of 3rd period - Snap shot by Kailer Yamamoto.
10:10 of 3rd period - Stopped by Vitek Vanecek with a rebound.
11:13 of 3rd period - Wrist shot by Connor Brown.
11:13 of 3rd period - Goal by Connor Brown - Red Wings : 5 - Avalanche : 1.
11:14 of 3rd period - Adam Henrique wins face-off versus Logan Couture in neutral zone.
11:29 of 3rd period - Slapshot by Brayden Point.
11:29 of 3rd period - Shot Misses the Net.
11:31 of 3rd period - Snap shot by Brayden Point.
11:31 of 3rd period - Stopped by Marc-Andre Fleury without a rebound.
11:32 of 3rd period - Nino Niederreiter wins face-off versus Noel Acciari in Red Wings zone.
11:47 of 3rd period - Kailer Yamamoto is hit by Matt Roy and loses puck.
12:09 of 3rd period - Slapshot by Dylan DeMelo.
12:09 of 3rd period - Stopped by Vitek Vanecek without a rebound.
12:10 of 3rd period - John Tavares wins face-off versus Gustav Nyquist in Avalanche zone.
12:37 of 3rd period - Ivan Barbashev is hit by Mark Scheifele and loses puck.
12:42 of 3rd period - Snap shot by Mark Scheifele.
12:42 of 3rd period - Stopped by Vitek Vanecek without a rebound.
12:43 of 3rd period - Logan Couture wins face-off versus Adam Henrique in Avalanche zone.
13:02 of 3rd period - Logan Stanley is hit by Zach Parise.
13:20 of 3rd period - Slapshot by Ivan Barbashev.
13:20 of 3rd period - Stopped by Marc-Andre Fleury with a rebound.
13:22 of 3rd period - Snap shot by Ivan Barbashev.
13:22 of 3rd period - Shot Misses the Net.
13:48 of 3rd period - Andrew Copp is hit by Noel Acciari and loses puck.
14:11 of 3rd period - Gustav Forsling is hit by Radko Gudas and loses puck.
14:34 of 3rd period - Slapshot by Adam Henrique.
14:34 of 3rd period - Stopped by Marc-Andre Fleury with a rebound.
15:00 of 3rd period - Minor Penalty to Ivan Barbashev for Slashing.
15:01 of 3rd period - Logan Couture wins face-off versus Andrew Copp in Avalanche zone.
15:18 of 3rd period - Snap shot by Logan Couture.
15:18 of 3rd period - Stopped by Vitek Vanecek with a rebound.
16:18 of 3rd period - Gustav Forsling is hit by Justin Holl and loses puck.
17:00 of 3rd period - Penalty to Ivan Barbashev is over, Ivan Barbashev is back on ice.
17:02 of 3rd period - Snap shot by Jake Sanderson.
17:02 of 3rd period - Stopped by Marc-Andre Fleury without a rebound.
17:03 of 3rd period - Adam Henrique wins face-off versus John Tavares in Red Wings zone.
17:06 of 3rd period - Snap shot by Brayden Point.
17:06 of 3rd period - Shot Misses the Net.
17:08 of 3rd period - Snap shot by Adam Henrique.
17:08 of 3rd period - Stopped by Marc-Andre Fleury without a rebound.
17:09 of 3rd period - Adam Henrique wins face-off versus John Tavares in Red Wings zone.
17:10 of 3rd period - Slapshot by Brayden Point.
17:10 of 3rd period - Stopped by Marc-Andre Fleury with a rebound.
17:12 of 3rd period - Snap shot by Ryan McDonagh.
17:12 of 3rd period - Shot Misses the Net.
17:14 of 3rd period - Wrist shot by Zach Parise.
17:14 of 3rd period - Shot Blocked by Justin Holl.
17:48 of 3rd period - Slapshot by Adam Henrique.
17:48 of 3rd period - Shot Misses the Net.
17:50 of 3rd period - Slapshot by Ryan McDonagh.
17:50 of 3rd period - Stopped by Marc-Andre Fleury with a rebound.
17:52 of 3rd period - Snap shot by Sean Durzi.
17:52 of 3rd period - Stopped by Marc-Andre Fleury without a rebound.
17:53 of 3rd period - Nicolas Roy wins face-off versus Logan Couture in Red Wings zone.
17:54 of 3rd period - Wrist shot by Nino Niederreiter.
17:54 of 3rd period - Stopped by Marc-Andre Fleury with a rebound.
17:56 of 3rd period - Slapshot by Matt Roy.
17:56 of 3rd period - Deflect By Ivan Barbashev.
17:56 of 3rd period - Goal by Ivan Barbashev - Red Wings : 5 - Avalanche : 2.
17:57 of 3rd period - Logan Couture wins face-off versus Andrew Copp in neutral zone.
19:31 of 3rd period - Andrew Copp is hit by David Pastrnak and loses puck.
Goals for this period are 3 for Red Wings vs 1 for Avalanche.
Shots for this period are 17 for Red Wings vs 14 for Avalanche.




Output by the SimonT Hockey Simulator (STHS) for Alexandre Lamarre - Original Page W3C HTML5 Valid
Hockey Simulator - Hockey Simulation - Hockey Manager